 Dungeon Crawl Stone Soup version 0.27.1-34-g3ba077fa99 (webtiles) character file.

Game seed: 12661037778455705610

114 safid the Shield-Bearer (level 4, 27/40 HPs)
             Began as a Hill Orc Fighter on Jan 14, 2022.
             Quit the game on level 3 of the Dungeon.
             The game lasted 00:04:00 (2242 turns).

safid the Shield-Bearer (Hill Orc Fighter)          Turns: 2242, Time: 00:04:00

Health: 27/40      AC:  8    Str: 19    XL:     4   Next: 97%
Magic:  4/4        EV:  7    Int:  8    God:
Gold:   37         SH:  9    Dex: 10    Spells: 3/3 levels left

rFire    . . .     SeeInvis .   a - +0 war axe
rCold    . . .     Faith    .   c - +0 kite shield
rNeg     . . .     Spirit   .   b - +0 scale mail
rPois    .         Reflect  .   (no helmet)
rElec    .         Harm     .   (no cloak)
rCorr    .         Rampage  .   j - +0 pair of gloves
Will     .....                  (no boots)
Stlth    ..........             (no amulet)
HPRegen  0.13/turn              (no ring)
MPRegen  0.09/turn              (no ring)

@: no status effects
A: no striking features
a: Convert to Beogh


You were on level 3 of the Dungeon.
You visited 1 branch of the dungeon, and saw 3 of its levels.

You collected 37 gold pieces.

Inventory:

Hand Weapons
 a - a +0 war axe (weapon)
Missiles
 e - 12 poisoned darts (quivered)
Armour
 b - a +0 scale mail (worn)
 c - a +0 kite shield (worn)
 j - a +0 pair of gloves (worn)
Scrolls
 h - a scroll of magic mapping {unknown}
 i - a scroll of identify {unknown}
 k - a scroll of fog {unknown}
 l - a scroll of noise {unknown}
Potions
 d - a potion of might
 f - a potion of curing {unknown}
 g - a potion of heal wounds {unknown}


   Skills:
 - Level 4.0 Fighting
 + Level 4.4 Axes
 - Level 4.0 Armour
 + Level 4.4 Shields


You had 3 spell levels left.
You didn't know any spells.
Your spell library contained the following spells:

 Spells                   Type           Power      Damage    Failure   Level
 Apportation              Tloc           0%         N/A       99%         1
 Alistair's Intoxication  Tmut/Pois      0%         N/A       100%        5
 Invisibility             Hex            0%         N/A       100%        6


Dungeon Overview and Level Annotations

Branches:
Dungeon (3/15)

Altars:


Message History

You completely miss the orc.
An orc priest comes into view.
It is wielding a +0 dagger and wearing a +0 scale mail of poison resistance.
You block the orc's attack.
You closely miss the orc.
The orc priest shouts, "Join the one true god or die!" (press Y on the ability menu to convert to Beogh)
You hit the orc. The orc completely misses you.
The orc hits you but does no damage.
Sorry, you're not good enough to have a special ability.
Sorry, you're not good enough to have a special ability.
There are monsters nearby!
Unknown command.
Sorry, you're not good enough to have a special ability.
Sorry, you're not good enough to have a special ability.
You slash the orc!
You kill the orc!
You block the orc's attack.
Unknown command.
Sorry, you're not good enough to have a special ability.
The orc priest shouts, "Beogh is our master!
Accept the truth or die!"
You slash the orc!
You kill the orc!
Unknown command.
You see here a +0 hand axe.
Sorry, you're not good enough to have a special ability.
The orc hits you with a +0 hand axe. You block the orc wizard's attack.
You closely miss the orc.
The orc is heavily wounded.
You closely miss the orc wizard.
The orc priest miscasts a cantrip.
You block the orc's attack.
The orc wizard hits you but does no damage.
Unknown command.
You slash the orc!
You kill the orc!
You barely miss the orc wizard.
The orc wizard hits you with a +0 dagger.
The orc priest hits you with a +0 dagger.
The orc wizard hits you but does no damage.
Are you sure you want to abandon this character and quit the game? (Confirm with "yes".)

#..##.......#########
#...#######.#
#....########
###..####...# #
#..###....# #
#..###....# #
#..##..#...
##)o#..##..
##@o..###. ##...###.
#####


You could see an orc priest and an orc wizard.

Vanquished Creatures
  4 adders
  3 gnolls (D:3)
  A dart slug (D:2)
  3 orcs (D:3)
  4 endoplasms
  6 goblins
  5 hobgoblins
  2 jackals (D:1)
  3 kobolds
  2 quokkas
  A ball python (D:1)
  4 bats
  2 frilled lizards
  2 rats
42 creatures vanquished.

Notes
Turn   | Place    | Note
-------+----------+-------------------------------------------
     0 | D:1      | safid the Hill Orc Fighter began the quest for the Orb.
     0 | D:1      | Reached XP level 1. HP: 19/19 MP: 1/1
   159 | D:1      | Reached XP level 2. HP: 27/27 MP: 2/2
   451 | D:1      | Found a faded altar of an unknown god.
   669 | D:2      | Reached XP level 3. HP: 21/33 MP: 3/3
  1266 | D:3      | Reached XP level 4. HP: 24/40 MP: 4/4
  1763 | D:3      | HP: 1/40 [adder (2)]
  2242 | D:3      | Quit the game

Illustrated notes

Levels and vault maps discovered:
D:1:      kennysheep_arrival_forest, layout_rooms,
          ebering_ecumenical_altar_sacrificial, minmay_misc_feat_five
D:2:      layout_basic, patterned_corridor
D:3:      layout_basic, grunt_gozag_statues, hangedman_glass_teeth,
          grunt_ministairs_8, minmay_diced_spiral

Skill      XL: |  1  2  3  4 |
---------------+-------------+-----
Axes           | 3 4 |  4.4
Fighting       | 4 |  4.0
Shields        | 4 |  4.4
Armour         | 4 |  4.0

Action                   |  1- 3 |  4- 6 || total
-------------------------+-------+-------++-------
Melee: War axe           |    80 |    52 ||   132
Armor: Scale mail        |    36 |    34 ||    70
Dodge: Dodged            |    25 |    26 ||    51
Block: Kite shield       |    51 |    33 ||    84
